AoeStats
← Dr_Oetker02

Nomad

508693849Analyzed
4v4 RM · 8d ago on Sep 23, 2026· 39m 46s· 8 players
Game mode
Random Map
Map size
231×231
Population
200
Speed
Normal
Resources
Standard
Victory
Conquest
Starting age
Dark Age
Ending age
Imperial Age
RankedLock teamsTeams togetherTeam positionsShared explorationLock speedFull tech treeHidden civsTurbo modeCheats
Victory
Defeat
🇩🇪 Lithuanians · Germany
1292
+11
🇸🇮 Varangians · Slovenia
1190
+15
🇦🇹 Aztecs · Austria
1169
+15
🇬🇧 Armenians · United Kingdom
1106
+17
🇺🇸 Portuguese · United States
1187
-16
🇨🇳 Saxons · China
1177
-15
🇭🇰 Byzantines · Hong Kong SAR China
1149
-14
🇨🇦 Bengalis · Canada
1131
-13
Dr_Oetker02
3:50 Loom
15:17 Feudal Age
20:27 Castle Age
18:17 Fishing Lines
18:58 Double-Bit Axe
22:05 Bow Saw
23:07 Wheelbarrow
24:05 Hand Cart
23:43 Gold Mining
24:05 Gillnets
26:56 Horse Collar
30:02 Heavy Plow
34:31 Imperial Age
31:46 Eagle Warrior
32:13 Arson
32:18 Gambesons
32:43 Scale Mail Armor
34:09 Squires
35:00 Forging
35:05 Chain Mail Armor
34:37 Elite Eagle Warrior
35:42 Conscription
36:34 Iron Casting
37:06 Garland Wars
37:19 Plate Mail Armor
36:35 Treadmill Crane
37:00 Siege Engineers
38:38 Blast Furnace
Botgamer928
11:31 Loom
14:57 Feudal Age
15:06 Man-at-Arms
15:38 Arson
16:56 Forging
16:34 Long Swordsman
18:04 Scale Mail Armor
25:08 Castle Age
25:14 Double-Bit Axe
25:55 Two-Handed Swordsman
26:24 Gambesons
26:41 Squires
31:03 Gold Mining
37:12 Horse Collar
42:38 Imperial Age
Nomad enjoyer
5:00 Loom
5:34 Loom
14:47 Feudal Age
15:13 Double-Bit Axe
15:09 Fishing Lines
19:38 Castle Age
17:44 Gold Mining
18:33 Scale Mail Armor
18:44 Forging
19:02 Arson
19:30 Forging
20:07 Gambesons
21:48 Squires
21:47 Gillnets
22:41 Fletching
23:25 Horse Collar
24:36 Chain Mail Armor
27:35 Iron Casting
30:46 Wheelbarrow
30:37 Pikeman
31:09 Elite Skirmisher
32:16 Bow Saw
34:16 Medium Warships
36:43 Hand Cart
38:17 Bodkin Arrow
38:23 Padded Archer Armor
42:12 Imperial Age
40:25 Scale Barding Armor
40:35 Leather Archer Armor
Sir_HaXaLoT.exe
11:55 Loom
14:16 Feudal Age
17:53 Castle Age
17:27 Forging
17:55 Scale Mail Armor
17:46 Man-at-Arms
19:19 Chain Mail Armor
22:01 Iron Casting
21:00 Long Swordsman
26:32 Scale Barding Armor
32:47 Horse Collar
34:58 Wheelbarrow
Huns
4:00 Loom
15:49 Feudal Age
16:15 Fishing Lines
16:21 Double-Bit Axe
17:13 Wheelbarrow
20:24 Castle Age
19:26 Fletching
patriot95
5:40 Loom
13:11 Feudal Age
14:21 Double-Bit Axe
19:23 Castle Age
19:14 Stone Mining
19:20 Gold Mining
20:23 Medium Warships
22:56 Fletching
23:30 Careening
23:45 Ballistics
24:57 Stone Shaft Mining
24:37 Bow Saw
29:07 Guard Tower
33:05 Imperial Age
36:24 Pikeman
38:01 Forging
37:54 Scale Mail Armor
39:11 Keep
38:40 Murder Holes
vince.dion123
4:43 Loom
15:42 Feudal Age
17:32 Fletching
19:56 Castle Age
18:10 Padded Archer Armor
19:53 Fishing Lines
20:26 Double-Bit Axe
21:30 Bodkin Arrow
23:09 Town Watch
27:52 Gillnets
30:03 Leather Archer Armor
31:02 Bloodlines
30:52 Husbandry
32:12 Ballistics
32:42 Wheelbarrow
KISSSHOT
14:23 Feudal Age
13:45 Loom
17:57 Castle Age
16:13 Double-Bit Axe
16:47 Forging
17:30 Gold Mining
19:03 Medium Warships
20:17 Scale Mail Armor
20:48 Fletching
23:11 Wheelbarrow
24:01 Town Watch
25:07 Iron Casting
25:47 Bow Saw
28:25 Hand Cart
31:46 Sanctity
32:49 Horse Collar
35:04 Clerical Recruitment
36:30 Heavy Plow
37:24 Heresy
39:44 Imperial Age
37:52 Redemption
39:03 Squires
40:11 Chain Mail Armor
Connection lost

Rejoining the realm…

Still unreachable

The connection could not be restored.

Session expired

The server has moved on; the page needs a fresh start.